 Dungeon Crawl Stone Soup version 0.29.0-4-gdea44cf6ec (webtiles) character file.

Game seed: 17389437064551312615

596 qw the Cleaver (level 7, -1/41 HPs)
             Began as a Tengu Warper on Aug 28, 2022.
             Killed from afar by a steam dragon (10 damage)
             ... with a ball of steam
             ... on level 9 of the Dungeon.
             The game lasted 00:00:32 (5057 turns).

qw the Cleaver (Tengu Warper)                       Turns: 5057, Time: 00:00:32

Health: -1/41      AC: 10    Str: 13    XL:     7   Next: 40%
Magic:  11/11      EV:  7    Int: 14    God:
Gold:   126        SH:  0    Dex: 16    Spells: 10/10 levels left

rFire   . . .      SeeInvis .   e - +0 hand axe (vamp)
rCold   . . .      Faith    .   (no shield)
rNeg    . . .      Spirit   .   b - +0 chain mail
rPois   .          Reflect  .   (helmet restricted)
rElec   .          Harm     .   (no cloak)
rCorr   .          Rampage  .   d - +0 pair of fencer's gloves {Riposte Dex+3}
Will    .....                   (boots unavailable)
Stlth   ..........              (no amulet)
HPRegen 0.13/turn               (no ring)
MPRegen 0.12/turn               (no ring)

@: flying quickly and evasively, quick
A: beak, talons 3, nimble flight
a: no special abilities


You were on level 9 of the Dungeon.
You visited 1 branch of the dungeon, and saw 7 of its levels.

You collected 207 gold pieces.
You spent 81 gold pieces at shops.


Innate Abilities, Weirdness & Mutations

You have a beak for a mouth.
You have claws for feet.
Your magical nature lets you fly swiftly and evasively.


   Skills:
 - Level 3.0 Fighting
 - Level 8.0 Axes
 - Level 1.0 Throwing
 + Level 2.5 Armour
 - Level 2.1 Dodging
 - Level 2.0 Spellcasting
 - Level 2.4 Translocations


You had 10 spell levels left.
You didn't know any spells.
Your spell library contained the following spells:

 Spells                   Type           Power      Damage    Failure   Level
 Blink                    Tloc           16%        N/A       99%         2
 Gell's Gravitas          Tloc           8%         N/A       100%        3
 Lesser Beckoning         Tloc           8%         N/A       100%        3
 Teleport Other           Tloc           8%         N/A       100%        3
 Manifold Assault         Tloc           8%         N/A       100%        5

Inventory:

Hand Weapons
 e - a +0 vampiric hand axe (weapon)
 i - a +0 morningstar
Missiles
 l - 6 boomerangs (quivered)
Armour
 b - a +0 chain mail (worn)
 d - the +0 pair of fencer's gloves (worn) {Riposte Dex+3}
   (You acquired it on level 1 of the Dungeon)

   It allows the wearer to riposte with melee weapons, swiftly retaliating
   against missed or blocked melee attacks.
   Dex:       It affects your dexterity (+3).
Scrolls
 m - a scroll of enchant armour
 s - a scroll of identify
Potions
 a - a potion of haste
 c - 2 potions of cancellation
 f - a potion of berserk rage {unknown}
 g - a potion of attraction {unknown}
 h - a potion of heal wounds {unknown}
 j - a potion of degeneration {unknown}
 k - a potion of magic {unknown}
 n - a potion of brilliance {unknown}
 o - a potion of invisibility {unknown}
 p - a potion of mutation {unknown}
 q - a potion of resistance {unknown}
 r - a potion of lignification {unknown}

Dungeon Overview and Level Annotations

Branches:
Dungeon (6/15)
 Temple: D:4-7

Altars:
Dithmenos
Gozag
Makhleb
Nemelex Xobeh
Qazlal
Yredelemnul

Shops:
D:3 *

Annotations:
D:5 2 transporters, qw's ghost, novice TeWr


Message History

A steam dragon is nearby!
The steam dragon bites you.
The steam dragon claws you but does no damage.
You hit the steam dragon but do no damage.
The steam dragon bites you.
The steam dragon claws you but does no damage.
You hit the steam dragon. Your kick misses the steam dragon.
The steam dragon is lightly wounded.
The steam dragon breathes steam at you. The ball of steam hits you!
You hit the steam dragon.
You feel better.
You claw the steam dragon.
You peck the steam dragon, but do no damage.
You punch the steam dragon.
The steam dragon is lightly wounded.
You are engulfed in a cloud of scalding steam.
You hit the steam dragon. Your kick misses the steam dragon.
Your peck misses the steam dragon.
The steam dragon is moderately wounded.
You are engulfed in a cloud of scalding steam.
The steam dragon bites you but does no damage.
The steam dragon claws you but does no damage.
You barely miss the steam dragon. Your kick misses the steam dragon.
The steam dragon is moderately wounded.
You are engulfed in a cloud of scalding steam.
The steam dragon bites you.
The steam dragon claws you but does no damage.
You hit the steam dragon but do no damage.
The steam dragon is moderately wounded.
You are engulfed in a cloud of scalding steam.
The steam dragon barely misses you.
You riposte.
You hit the steam dragon.
You feel better.
You claw the steam dragon!
The steam dragon is heavily wounded.
The steam dragon barely misses you.
You hit the steam dragon.
You peck the steam dragon, but do no damage.
The steam dragon is severely wounded.
You are engulfed in a cloud of scalding steam.
The steam dragon breathes steam at you. The ball of steam hits you!
You die...

## .. #. #. #.
####.
###...D####
#......@..#
#.###+###.#
#.#.$.$.#.#
###.#$$...#.##
...#$._..#..#
#.#.$..$#..#
##.#.$$.$#..#
#..#######..#
#...........#


You could see a steam dragon (catching breath).

Vanquished Creatures
  A necrophage (D:5)
  3 scorpions
  A hound (D:6)
  A jelly (D:6)
  An orc priest (D:4)
  An iguana (D:5)
  An orc wizard (D:5)
  A mummy (D:4)
  13 adders
  An ufetubus (D:5)
  A worm (D:2)
  4 dart slugs
  13 orcs
  3 bats
  3 endoplasms
  2 giant cockroaches (D:1)
  4 goblins
  6 hobgoblins
  13 kobolds
  2 quokkas
  8 ball pythons
  A frilled lizard (D:3)
  3 rats
87 creatures vanquished.

Notes
Turn   | Place    | Note
-------+----------+-------------------------------------------
     0 | D:1      | qw the Tengu Warper began the quest for the Orb.
     0 | D:1      | Reached XP level 1. HP: 12/12 MP: 4/4
     0 | D:1      | 0 ||| qw: Version: 0.1-a-89-g26bdef1
     0 | D:1      | 0 ||| qw: Game counter: 3317
     0 | D:1      | 0 ||| qw: Always use a shield: true
     0 | D:1      | 0 ||| qw: God list: Okawaru
     0 | D:1      | 0 ||| qw: Allow faded altars: false
     0 | D:1      | 0 ||| qw: Do Orc after D:15 true
     0 | D:1      | 0 ||| qw: Do second Lair branch before Depths: true
     0 | D:1      | 0 ||| qw: Lair rune preference: random
     0 | D:1      | 0 ||| qw: Plans: Normal
     0 | D:1      | 0 ||| PLANNING D:1-11
   220 | D:1      | Reached skill level 3 in Axes
   220 | D:1      | Reached XP level 2. HP: 17/17 MP: 6/6
   253 | D:1      | 253 ||| Stepping ~*~*~tactically~*~*~ (stealth).
   255 | D:1      | 255 ||| Stepping ~*~*~tactically~*~*~ (stealth).
   256 | D:1      | 256 ||| Stepping ~*~*~tactically~*~*~ (stealth).
   257 | D:1      | 257 ||| Stepping ~*~*~tactically~*~*~ (stealth).
   399 | D:1      | 399 ||| Stepping ~*~*~tactically~*~*~ (stealth).
   404 | D:1      | 404 ||| Stepping ~*~*~tactically~*~*~ (stealth).
   670 | D:1      | Reached XP level 3. HP: 21/21 MP: 7/7
   778 | D:1      | 778 ||| READING 2 scrolls labelled NEATET UHUGUU.
   779 | D:1      | 779 ||| READING scroll labelled USEDER KEOC.
   779 | D:1      | Identified a scroll of acquirement
   779 | D:1      | 779 ||| ACQUIRING +0 pair of fencer's gloves {Riposte
                  | Dex+3}
   779 | D:1      | Acquired the +0 pair of fencer's gloves {Riposte Dex+3}
   779 | D:1      | Found the +0 pair of fencer's gloves {Riposte Dex+3}
   781 | D:1      | 781 ||| UPGRADING to +0 pair of fencer's gloves {Riposte
                  | Dex+3}.
   786 | D:1      | 786 ||| DROPPING scroll of poison.
   787 | D:1      | 787 ||| DROPPING scroll of blinking.
   788 | D:1      | 788 ||| Stepping randomly (stuck).
   789 | D:1      | 789 ||| Stepping ~*~*~tactically~*~*~ (cloud).
   794 | D:1      | HP: 5/21 [poisoned by you (poison gas)]
  1048 | D:2      | 1048 ||| STAIRDANCE
  1112 | D:2      | Found a stormy altar of Qazlal.
  1128 | D:2      | 1128 ||| Stepping ~*~*~tactically~*~*~ (stealth).
  1136 | D:2      | 1136 ||| Stepping ~*~*~tactically~*~*~ (stealth).
  1149 | D:2      | 1149 ||| Stepping ~*~*~tactically~*~*~ (stealth).
  1158 | D:2      | Reached skill level 4 in Axes
  1174 | D:2      | 1174 ||| Stepping ~*~*~tactically~*~*~ (stealth).
  1210 | D:2      | 1210 ||| Stepping ~*~*~tactically~*~*~ (stealth).
  1346 | D:2      | 1346 ||| Stepping ~*~*~tactically~*~*~ (hiding).
  1353 | D:2      | Reached XP level 4. HP: 26/26 MP: 8/8
  1363 | D:2      | 1363 ||| Stepping ~*~*~tactically~*~*~ (stealth).
  1517 | D:2      | Reached skill level 5 in Axes
  1639 | D:2      | 1639 ||| UPGRADING to +0 ring mail.
  1649 | D:2      | 1649 ||| DROPPING +0 leather armour.
  1650 | D:2      | 1650 ||| READING scroll labelled RIEMOCW KIVEPA.
  1651 | D:2      | 1651 ||| READING scroll labelled LUBINU QEEMI.
  1652 | D:2      | 1652 ||| READING scroll labelled KACOVO XAILLAONWU.
  1657 | D:2      | 1657 ||| DRINKING 2 black potions.
  1658 | D:2      | 1658 ||| DROPPING potion of flight.
  1856 | D:3      | 1856 ||| Stepping ~*~*~tactically~*~*~ (hiding).
  2184 | D:3      | 2184 ||| Stepping ~*~*~tactically~*~*~ (stealth).
  2231 | D:3      | Found a faded altar of an unknown god.
  2235 | D:3      | Found Aloedwism's Assorted Antiques.
  2243 | D:3      | 2243 ||| BUYING fizzy orange potion (26 gold).
  2243 | D:3      | Bought a fizzy orange potion for 26 gold pieces
  2243 | D:3      | 2243 ||| BUYING pink potion (26 gold).
  2243 | D:3      | Bought a pink potion for 26 gold pieces
  2243 | D:3      | 2243 ||| BUYING scroll labelled BIUSUQALUTO (29 gold).
  2243 | D:3      | Bought a scroll labelled BIUSUQALUTO for 29 gold pieces
  2243 | D:3      | 2243 ||| SHOPLISTING scroll labelled ITIMEAM KOIN (29 gold,
                  | have 20).
  2243 | D:3      | 2243 ||| SHOPLISTING yellow potion (26 gold, have 20).
  2423 | D:3      | Found a basalt altar of Yredelemnul.
  2442 | D:3      | 2442 ||| UPGRADING to +0 chain mail.
  2452 | D:3      | 2452 ||| DROPPING +0 ring mail.
  2453 | D:3      | 2453 ||| READING scroll labelled ITIMEAM KOIN.
  2454 | D:3      | 2454 ||| READING scroll labelled BIUSUQALUTO.
  2455 | D:3      | 2455 ||| READING scroll labelled GYIFUVAIGE.
  2456 | D:3      | 2456 ||| READING scroll labelled LAIREO NOHATH.
  2457 | D:3      | 2457 ||| DRINKING 3 ruby potions.
  2458 | D:3      | 2458 ||| DRINKING 2 bubbling golden potions.
  2559 | D:3      | 2559 ||| DROPPING potion of ambrosia.
  2579 | D:4      | 2579 ||| PLANNING OSSUARY
  2587 | D:4      | 2587 ||| STAIRDANCE
  2633 | D:4      | Gained mutation: Your magical nature lets you fly swiftly
                  | and evasively. [Tengu growth]
  2633 | D:4      | Reached XP level 5. HP: 14/30 MP: 9/9
  2633 | D:4      | 2633 ||| STAIRDANCE
  2793 | D:4      | 2793 ||| DROPPING +0 whip.
  2902 | D:4      | 2902 ||| Stepping ~*~*~tactically~*~*~ (stealth).
  2906 | D:4      | 2906 ||| Stepping ~*~*~tactically~*~*~ (stealth).
  2926 | D:4      | 2926 ||| DROPPING +0 flail of protection.
  2944 | D:4      | 2944 ||| Stepping ~*~*~tactically~*~*~ (hiding).
  2945 | D:4      | 2945 ||| Stepping ~*~*~tactically~*~*~ (hiding).
  2955 | D:4      | Reached skill level 6 in Axes
  2955 | D:4      | 2955 ||| FLEEEEING.
  2956 | D:4      | 2956 ||| FLEEEEING.
  2957 | D:4      | 2957 ||| FLEEEEING.
  2958 | D:4      | 2958 ||| FLEEEEING.
  2959 | D:4      | 2959 ||| FLEEEEING.
  2963 | D:4      | 2963 ||| FLEEEEING.
  2964 | D:4      | 2964 ||| FLEEEEING.
  2965 | D:4      | 2965 ||| FLEEEEING.
  2966 | D:4      | 2966 ||| FLEEEEING.
  2967 | D:4      | 2967 ||| FLEEEEING.
  2968 | D:4      | 2968 ||| FLEEEEING.
  2969 | D:4      | 2969 ||| FLEEEEING.
  2970 | D:4      | 2970 ||| FLEEEEING.
  2971 | D:4      | 2971 ||| FLEEEEING.
  2972 | D:4      | 2972 ||| FLEEEEING.
  2973 | D:4      | 2973 ||| FLEEEEING.
  2974 | D:4      | 2974 ||| FLEEEEING.
  2986 | D:4      | 2986 ||| FLEEEEING.
  2987 | D:4      | 2987 ||| FLEEEEING.
  2988 | D:4      | 2988 ||| STAIRDANCE
  3226 | D:4      | Reached XP level 6. HP: 25/35 MP: 10/10
  3383 | D:4      | 3383 ||| RIP OSSUARY
  3404 | D:4      | 3404 ||| PLANNING D:1-11
  3603 | D:4      | 3603 ||| DRINKING 2 bubbling orange potions.
  3604 | D:4      | 3604 ||| DRINKING 2 sedimented blue potions.
  3621 | D:5      | Entered Level 5 of the Dungeon
  3758 | D:5      | Identified the +2 robe of Green Beauty {Drain rElec Dex+6}
  3820 | D:5      | 3820 ||| Stepping ~*~*~tactically~*~*~ (stealth).
  3822 | D:5      | 3822 ||| FLEEEEING.
  3826 | D:5      | 3826 ||| FLEEEEING.
  3827 | D:5      | 3827 ||| FLEEEEING.
  3828 | D:5      | 3828 ||| FLEEEEING.
  3839 | D:5      | 3839 ||| FLEEEEING.
  3840 | D:5      | 3840 ||| FLEEEEING.
  3865 | D:5      | Reached skill level 7 in Axes
  3869 | D:5      | 3869 ||| FLEEEEING.
  3880 | D:5      | HP: 8/35 [poisoned by a scorpion]
  3880 | D:5      | HP: 3/35 [scorpion (5)]
  3881 | D:5      | 3881 ||| READING scroll of teleportation.
  3883 | D:5      | HP: 1/35 [poisoned by a scorpion]
  3884 | D:5      | 3884 ||| DRINKING potion of curing.
  3884 | D:5      | 3884 ||| (to cure poison)
  4119 | D:5      | 4119 ||| SWAPPING to +0 vampiric hand axe.
  4120 | D:5      | 4120 ||| DROPPING +1 hand axe.
  4210 | D:5      | Reached skill level 3 in Fighting
  4257 | D:5      | Found a transporter.
  4260 | D:5      | Noticed qw's ghost (novice TeWr)
  4261 | D:5      | Found a transporter.
  4360 | D:5      | Reached XP level 7. HP: 37/41 MP: 11/11
  4518 | D:5      | Found an opulent altar of Gozag.
  4518 | D:5      | Found a sparkling altar of Nemelex Xobeh.
  4575 | D:6      | Found a shadowy altar of Dithmenos.
  4607 | D:6      | 4607 ||| Stepping ~*~*~tactically~*~*~ (stealth).
  4907 | D:6      | 4907 ||| Stepping ~*~*~tactically~*~*~ (stealth).
  4916 | D:6      | Reached skill level 8 in Axes
  4979 | D:6      | You are sucked into a shaft and drop 3 floors!
  5027 | D:9      | Found a burning altar of Makhleb.
  5045 | D:9      | Noticed a steam dragon
  5046 | D:9      | 5046 ||| Stepping ~*~*~tactically~*~*~ (hiding).
  5057 | D:9      | HP: 9/41 [steam dragon] (8)]
  5057 | D:9      | Killed from afar by a steam dragon

Levels and vault maps discovered:
D:1:      dpeg_arrival_tiny_j, layout_loops_cross
D:2:      layout_basic, basic_altar
D:3:      layout_basic, yredelemnul_altar_generic, basic_ecumenical_altar,
          serial_shops, shop
D:4:      layout_rooms, gup_ossuary_entry_pyramid
D:5:      layout_loops_cross, grunt_temple_overflow_opulence,
          gammafunk_ghost_mausoleum
D:6:      layout_basic, nicolae_dithmenos_the_darkroom,
          lemuel_coloured_pillars_altar, dk_noncrumbling_4, uniq_blork_the_orc
D:9:      layout_loops_ring, amcnicky_altar_gilded, vehumet_statue,
          chequers_garden, uniq_erolcha

Skill      XL: |  1  2  3  4  5  6  7 |
---------------+----------------------+-----
Axes           | 3 4 5 6 7 8 |  8.0
Armour         | 2 |  2.5
Fighting       | 3 |  3.0
Throwing       | |  1.0
Dodging        | |  2.1
Spellcasting   | |  2.0
Translocations | |  2.4

Action                   |  1- 3 |  4- 6 |  7- 9 || total
-------------------------+-------+-------+-------++-------
Melee: Hand axe          |    64 |   114 |    43 ||   221
       Peck              |     8 |    23 |    11 ||    42
       Kick              |    10 |    32 |    18 ||    60
       Punch             |       |     2 |     2 ||     4
Throw: Boomerang         |     7 |    68 |    10 ||    85
  Use: Scroll            |     2 |     8 |       ||    10
       Potion            |       |     6 |       ||     6
Armor: Leather armour    |    15 |     2 |       ||    17
       Chain mail        |       |    38 |    24 ||    62
       Ring mail         |       |     6 |       ||     6
Dodge: Dodged            |    36 |    42 |    15 ||    93
       Rpst.: Hand axe   |     5 |    10 |     6 ||    21

Table legend:
 A = Non-vault XP
 B = Vault XP
 C = Vault XP percentage of total XP
 D = Non-vault monster count
 E = Vault monster count
 F = Vault count percentage of total count
                 A         B        C        D         E       F
            +---------+---------+-------+---------+---------+-------
      Total |     836 |      16 |   1.9 |      86 |       1 |   1.1
            +---------+---------+-------+---------+---------+-------
        D:1 |      36 |       0 |   0.0 |      22 |       0 |   0.0
        D:2 |      79 |       0 |   0.0 |      17 |       0 |   0.0
        D:3 |      47 |       0 |   0.0 |      13 |       0 |   0.0
        D:4 |     201 |      16 |   7.4 |      16 |       1 |   5.9
        D:5 |     287 |       0 |   0.0 |      10 |       0 |   0.0
        D:6 |     186 |       0 |   0.0 |       8 |       0 |   0.0
            +---------+---------+-------+---------+---------+-------
